 Seeded DCSS version 0.30.1 (webtiles) character file.

Game seed: 7229806256980976716 (custom seed)

9 McKennaii the Chiller (level 1, 14/14 HPs)
             Began as a Demigod Ice Elementalist on July 13, 2023.
             Quit the game on level 1 of the Dungeon.
             The game lasted 00:00:22 (234 turns).

McKennaii the Chiller (Demigod Ice Elementalist)     Turns: 234, Time: 00:00:22

Health: 14/14      AC:  2    Str:  9    XL:     1   Next: 86%
Magic:  4/5        EV: 12    Int: 17    God:
Gold:   30         SH:  0    Dex: 14    Spells: 3/4 levels left

rFire   . . .        (no weapon)
rCold   . . .        (no shield)
rNeg    . . .        a - +0 robe
rPois   .            (no helmet)
rElec   .            (no cloak)
rCorr   .            (no gloves)
SInv    .            (no boots)
Will    .....        (no amulet)
Stlth   ++           (no ring)
HPRegen 0.22/turn    (no ring)
MPRegen 0.09/turn

%: no passive effects
@: no status effects
A: high MP 1, forlorn, divine attributes
a: no special abilities


You were on level 1 of the Dungeon.
You visited 1 branch of the dungeon, and saw 1 of its levels.

You collected 30 gold pieces.

Inventory:

Missiles
 c - a throwing net
Armour
 a - a +0 robe (worn)
Scrolls
 d - 2 scrolls of amnesia {unknown}
 e - a scroll of acquirement
 f - a scroll of teleportation {unknown}
Potions
 b - a potion of magic


   Skills:
 - Level 1.7 Dodging
 - Level 1.7 Stealth
 + Level 2.1 Spellcasting
 + Level 3.8 Ice Magic


You had 3 spell levels left.
You knew the following spells:

 Your Spells              Type           Power      Damage    Failure   Level
a - Freeze                Ice            56%        1d7       4%          1

Your spell library contained the following spells:

 Spells                   Type           Power      Damage    Failure   Level
 Frozen Ramparts          Ice            28%        1d5       12%         3
 Ozocubu's Armour         Ice            14%        N/A       12%         3
 Summon Ice Beast         Ice/Summ       8%         N/A       65%         4


Dungeon Overview and Level Annotations

Branches:
Dungeon (1/15)


Innate Abilities, Weirdness & Mutations

You have an increased reservoir of magic. (+10% MP)
You shall have no god before yourself.
Your divine heritage dramatically boosts your attributes as you level up.


Message History

The ball python constricts you.
You freeze the ball python.
The ball python is moderately wounded.
The ball python seems to slow down.
The ball python is no longer moving slowly.
The ball python closely misses you. The ball python constricts you.
You are out of magic!
You are out of magic!
You closely miss the ball python.
The ball python is moderately wounded.
The ball python bites you. The ball python constricts you.
You escape the ball python's grasp.
The ball python attacks as you move away!
The ball python bites you. The ball python barely misses you.
You see here 13 gold pieces.
You freeze the ball python.
You kill the ball python!
You are out of magic!
You are out of magic!
Your magical contamination has completely faded away.
You now have 30 gold pieces (gained 13).
You see here a jackal corpse.
A jackal comes into view.
A jackal is nearby!
You can't see any susceptible monsters within range! (Use Z to cast anyway.)
A jackal is nearby!
You can't see any susceptible monsters within range! (Use Z to cast anyway.)
You can't see any susceptible monsters within range! (Use Z to cast anyway.)
You can't see any susceptible monsters within range! (Use Z to cast anyway.)
You can't see any susceptible monsters within range! (Use Z to cast anyway.)
The jackal barks!
You freeze the jackal.
You kill the jackal!
You can't see any susceptible monsters within range! (Use Z to cast anyway.) No target in view!
You can't see any susceptible monsters within range! (Use Z to cast anyway.) This is a scroll of acquirement!
Something appears at your feet! Something appears at your feet!
Are you sure you want to abandon this character and quit the game? (Confirm with "yes".)

.. #.# #.#### #....#
#....# ##
###....####...
#.#######...........#
#....†@.......)...####
#.#######.............
####...######
########...########
..........†........
#######.###.#######
#.# #.# #.# #.# #.#
#.#


There were no monsters in sight!

Vanquished Creatures
  A giant cockroach (D:1)
  A goblin (D:1)
  A hobgoblin (D:1)
  2 jackals (D:1)
  A quokka (D:1)
  A ball python (D:1)
7 creatures vanquished.

Notes
Turn   | Place    | Note
-------+----------+-------------------------------------------
     0 | D:1      | McKennaii the Demigod Ice Elementalist began the quest for
                  | the Orb.
     0 | D:1      | Reached XP level 1. HP: 14/14 MP: 5/5
   232 | D:1      | Identified 3 scrolls of acquirement
   232 | D:1      | Acquired the ring "Illiam" {rC+ Int+6}
   233 | D:1      | Acquired the ring "Bipsotet" {rPois rC+ rN+ Str+3 Stlth+}
   234 | D:1      | Quit the game

Illustrated notes

Levels and vault maps discovered:
D:1:      spicycebolla_arrival_ecumenical, layout_loops_ring

Skill      XL: |  1 |
---------------+----+-----
Spellcasting   | 2 |  2.1
Dodging        | |  1.7
Stealth        | |  1.7
Ice Magic      | |  3.8

Action                     || total
---------------------------++-------
  Melee: Unarmed           ||     4
   Cast: Freeze            ||     9
    Use: Scroll            ||     2
 Armour: Robe              ||     3
  Dodge: Dodged            ||     7
